 Dungeon Crawl Stone Soup version 0.30-a0-800-g7c544603b3 (webtiles) character file.

Game seed: 1507013680229320012

639 Hubris850 the Chiller (level 7, 0/55 HPs)
             Began as a Purple Draconian Ice Elementalist on Feb 22, 2023.
             Slain by Menkaure (14 damage)
             ... on level 4 of the Dungeon.
             The game lasted 00:14:08 (3615 turns).

Hubris850 the Chiller (DrIE)                        Turns: 3615, Time: 00:14:09

Health: 0/55       AC:  6    Str: 10    XL:     7   Next: 26%
Magic:  12/14      EV: 13    Int: 17    God:
Gold:   110        SH:  0    Dex: 12    Spells: 4/15 levels left

rFire   . . .      SeeInvis .    m - +2 dagger (elec)
rCold   . . .      Faith    .    (no shield)
rNeg    . . .      Spirit   .    (body armour unavailable)
rPois   .          Reflect  .    (helmet restricted)
rElec   .          Harm     .    (no cloak)
rCorr   .          Rampage  .    (no gloves)
Will    +....                    (no boots)
Stlth   ++                       q - amulet of the acrobat
HPRegen 0.29/turn                j - ring of wizardry
MPRegen 0.14/turn                (no ring)

@: no status effects
A: breathe power, AC +6, unfitting armour, cold-blooded
a: Breathe Dispelling Energy


You were on level 4 of the Dungeon.
You visited 1 branch of the dungeon, and saw 4 of its levels.
You also visited: Sewer.

You collected 110 gold pieces.

Inventory:

Hand Weapons
 b - a +0 short sword
 g - a +0 dagger of venom
 i - a +3 dagger
 m - a +2 dagger of electrocution (weapon)
Missiles
 n - 6 boomerangs
 u - 2 javelins
 v - 22 poisoned darts
Jewellery
 j - a ring of wizardry (left hand)
 q - an amulet of the acrobat (around neck)
Wands
 k - a wand of digging (4)
 A - a wand of light (8)
Scrolls
 e - 4 scrolls of identify
 f - 2 scrolls of teleportation
 o - 3 scrolls of immolation {unknown}
 p - a scroll of fear {unknown}
 r - a scroll of summoning {unknown}
 w - a scroll of brand weapon {unknown}
 y - 2 scrolls of magic mapping {unknown}
Potions
 a - 2 potions of magic
 c - 3 potions of haste {unknown}
 d - 2 potions of invisibility
 h - 2 potions of curing
 l - a potion of heal wounds
 s - a potion of lignification {unknown}
 t - 2 potions of mutation {unknown}
 x - a potion of might {unknown}
 z - 2 potions of resistance {unknown}


   Skills:
 + Level 2.0 Fighting
 + Level 3.8 Dodging
 + Level 3.0 Stealth
 - Level 4.8 Spellcasting
 + Level 1.9 Summonings
 - Level 5.7 Ice Magic


You had 4 spell levels left.
You knew the following spells:

 Your Spells              Type           Power      Damage    Failure   Level
a - Freeze                Ice            92%        1d9       1%          1
b - Frozen Ramparts       Ice            46%        1d7       1%          3
c - Ozocubu's Armour      Ice            23%        N/A       1%          3
d - Summon Ice Beast      Ice/Summ       17%        N/A       12%         4

Your spell library contained the following spells:

 Spells                   Type           Power      Damage    Failure   Level
 Slow                     Hex            16%        N/A       6%          1
 Confusing Touch          Hex            4%         N/A       17%         3
 Vampiric Draining        Necr           4%         2d6       17%         3


Dungeon Overview and Level Annotations

Branches:
Dungeon (4/15)              Sewer (visited)
 Temple: D:4-7

Altars:
Elyvilon
Qazlal
Zin

Annotations:
D:4 Menkaure


Innate Abilities, Weirdness & Mutations

You can breathe bolts of dispelling energy.
Your rich purple scales are hard. (AC +6)
You cannot fit into any form of body armour.
You are cold-blooded and may be slowed by cold attacks.


Message History

Menkaure hits your ice beast!
Your ice beast hits Menkaure but does no damage.
Menkaure hits your ice beast.
Your ice beast hits Menkaure.
Your ice beast freezes Menkaure.
Menkaure resists.
Your ice beast hits Menkaure but does no damage.
Menkaure hits your ice beast but does no damage.
Your ice beast hits Menkaure but does no damage.
Menkaure mumbles some strange words.
Menkaure seems to speed up.
Your ice beast hits Menkaure.
Your ice beast freezes Menkaure.
Menkaure resists.
Menkaure gestures at you while chanting.
Your ice beast writhes in agony!
Your ice beast dies!
Your ice beast disappears in a puff of smoke!
Menkaure calls on the powers of darkness!
Your body is wracked with pain!
Menkaure closely misses you. Menkaure completely misses you.
You see here 6 stones.
You hit Menkaure. You tail-slap Menkaure.
Menkaure is heavily damaged.
Menkaure calls on the powers of darkness!
Your body is wracked with pain!
* * * LOW HITPOINT WARNING * * *
You feel much better. Menkaure hits you.
You hit Menkaure but do no damage.
Menkaure is heavily damaged.
Menkaure points at you and mumbles some strange words.
Pain shoots through your body!
You hit Menkaure.
Menkaure is heavily damaged.
Menkaure hits you!
* * * LOW HITPOINT WARNING * * *
You hit Menkaure but do no damage.
Menkaure is heavily damaged.
Menkaure barely misses you. Menkaure hits you.
* * * LOW HITPOINT WARNING * * *
You hit Menkaure. You tail-slap Menkaure.
Menkaure is severely damaged.
Menkaure hits you!
You die...

#......### #...####
#...# #.### ###.# .
###...## ...
####......##
.....###....####..##
./....M@.####
##..##### ......####
##..##.[ .....
############..#..
....
...........##.†..
...
##########.....†. ..
#####... # ##.. #..
#..


You could see Menkaure (fast).

Vanquished Creatures
  Grinder (D:3)
  A kobold brigand (Sewer)
  5 river rats
  7 adders
  A worm (D:3)
  2 dart slugs
  5 bats
  6 endoplasms
  6 giant cockroaches
  8 goblins
  3 hobgoblins
  9 jackals
  11 kobolds
  3 quokkas
  16 ball pythons
  8 frilled lizards
  30 rats
122 creatures vanquished.

Vanquished Creatures (collateral kills)
  Sigmund (D:4)
  A hobgoblin (D:4)
  11 kobolds (Sewer)
13 creatures vanquished.

Grand Total: 135 creatures vanquished

Notes
Turn   | Place    | Note
-------+----------+-------------------------------------------
     0 | D:1      | Hubris850 the Draconian Ice Elementalist began the quest
                  | for the Orb.
     0 | D:1      | Reached XP level 1. HP: 14/14 MP: 3/3
    96 | D:1      | Reached XP level 2. HP: 18/22 MP: 5/5
   298 | D:1      | Reached skill level 1 in Fighting
   412 | D:1      | Reached XP level 3. HP: 28/28 MP: 6/6
   907 | D:2      | Learned a level 3 spell: Frozen Ramparts
  1051 | D:2      | Reached XP level 4. HP: 35/35 MP: 3/7
  1665 | D:2      | Learned a level 3 spell: Ozocubu's Armour
  1800 | D:3      | Identified the +1 ring mail of Couva {rElec}
  2310 | D:3      | Noticed Grinder
  2324 | D:3      | Paralysed by Grinder for 2 turns
  2335 | D:3      | Killed Grinder
  2336 | D:3      | Reached skill level 5 in Ice Magic
  2336 | D:3      | Reached XP level 5. HP: 35/41 MP: 4/10
  2336 | D:3      | Reached XP level 6. HP: 41/48 MP: 4/11
  2354 | D:3      | Learned a level 4 spell: Summon Ice Beast
  2483 | D:3      | Found a glowing silver altar of Zin.
  2579 | D:4      | Found a white marble altar of Elyvilon.
  2579 | D:4      | Found a stormy altar of Qazlal.
  2606 | D:4      | Found a glowing drain.
  2656 | Sewer    | Entered a sewer
  3268 | Sewer    | Reached skill level 1 in Summonings
  3425 | D:4      | Noticed Sigmund
  3445 | D:4      | Killed Sigmund
  3446 | D:4      | Your scales start taking on a rich purple colour.
  3446 | D:4      | Reached XP level 7. HP: 45/55 MP: 2/14
  3596 | D:4      | Noticed Menkaure
  3615 | D:4      | Slain by Menkaure

Illustrated notes

Levels and vault maps discovered:
D:1:      onia_arrival_handbag, layout_basic
D:2:      layout_basic
D:3:      layout_loops_cross, general_overflow_altar, minmay_misc_feat_room,
          uniq_grinder
D:4:      minmay_chambers_of_fours, layout_rooms, mainiacjoe_overflow_alcove_4,
          nicolae_overflow_two_pavilions, minmay_temple_entry_junction,
          portal_sewer_entry_c, uniq_sigmund, uniq_menkaure

Skill      XL: |  1  2  3  4  5  6 |
---------------+-------------------+-----
Stealth        | 2 3 |  3.0
Dodging        | 2 3 |  3.8
Fighting       | 1 2 |  2.0
Spellcasting   | 3 4 |  4.8
Ice Magic      | 5 |  5.7
Summonings     | 1 |  1.9

Action                     |  1- 3 |  4- 6 |  7- 9 || total
---------------------------+-------+-------+-------++-------
  Melee: Unarmed           |    20 |       |       ||    20
         Short sword       |    52 |       |       ||    52
         Tailslap          |    12 |    11 |     2 ||    25
         Dagger            |    62 |   200 |     9 ||   271
         Punch             |     1 |     2 |       ||     3
  Throw: Boomerang         |       |     3 |       ||     3
         Javelin           |       |     2 |       ||     2
   Cast: Freeze            |     3 |       |       ||     3
         Frozen Ramparts   |     2 |    13 |       ||    15
         Ozocubu's Armour  |       |     4 |       ||     4
         Summon Ice Beast  |       |     5 |     1 ||     6
    Use: Scroll            |       |     4 |       ||     4
         Potion            |       |       |     1 ||     1
   Stab: Sleeping          |     8 |     6 |     2 ||    16
 Armour: Skin              |    50 |    61 |     1 ||   112
  Dodge: Dodged            |   100 |   158 |     4 ||   262

Table legend: (Time is in decaauts)
 A = Elapsed time spent in this place.
 B = Non-inter-level travel time spent in this place.
 C = Inter-level travel time spent in this place.
 D = Time resting spent in this place.
 E = Time spent auto-exploring this place.
 F = Levels seen in this place.
 G = Mean time per level.
                   A        B        C        D        E       F      G
               +--------+--------+--------+--------+--------+-----+--------+
         Total |   3621 |   3555 |     66 |    450 |   1830 |   5 |  724.2 |
       Dungeon |   2897 |   2831 |     66 |    195 |   1830 |   4 |  724.2 |
         Sewer |    724 |    724 |      0 |    255 |      0 |   1 |  724.0 |
               +--------+--------+--------+--------+--------+-----+--------+

Top non-repeatable levels by time:
     D:1: 896 daAuts
     D:2: 845 daAuts
     D:3: 814 daAuts
   Sewer: 724 daAuts
     D:4: 340 daAuts
